AoeStats
← LM | TornardoBriese

Arena

508741022Analyzed
1v1 RM · 8d ago on Sep 23, 2026· 43m 12s· 2 players
Game mode
Random Map
Map size
Tiny (2 player)
Population
200
Speed
Normal
Resources
Standard
Victory
Conquest
Starting age
Dark Age
Ending age
Imperial Age
RankedLock teamsTeams togetherTeam positionsShared explorationLock speedFull tech treeHidden civsTurbo modeCheats
Victory
Defeat
🇨🇭 Spanish · Switzerland
1147
+16
🇦🇷 Malians · Argentina
1137
-16
joseguevara07-
10:20 Feudal Age
14:48 Castle Age
13:28 Double-Bit Axe
16:24 Bow Saw
24:04 Loom
24:54 Horse Collar
26:19 Forging
30:06 Imperial Age
28:47 Heavy Plow
30:04 Wheelbarrow
29:14 Town Watch
30:02 Scale Mail Armor
31:56 Chemistry
32:13 Conscription
33:19 Town Watch
34:10 Elite Gbeto
35:21 Crossbowman
36:07 Thumb Ring
36:52 Arbalester
38:09 Squires
37:55 Arson
38:26 Thumb Ring
38:58 Chain Mail Armor
41:52 Fletching
42:02 Padded Archer Armor
42:23 Murder Holes
42:48 Ballistics
LM | TornardoBriese
11:52 Feudal Age
15:41 Castle Age
13:53 Double-Bit Axe
14:37 Loom
15:20 Horse Collar
16:43 Bow Saw
17:10 Padded Archer Armor
18:04 Gold Mining
25:36 Wheelbarrow
26:19 Heavy Plow
28:31 Padded Archer Armor
32:21 Imperial Age
31:00 Bloodlines
30:51 Husbandry
31:41 Scale Barding Armor
32:16 Hand Cart
32:36 Cavalier
33:38 Chain Barding Armor
33:29 Forging
33:40 Stone Mining
33:18 Light Cavalry
34:18 Town Watch
35:50 Plate Barding Armor
36:02 Iron Casting
37:10 Chemistry
36:30 Ballistics
36:02 Fletching
37:29 Conscription
37:50 Masonry
38:00 Leather Archer Armor
37:56 Town Patrol
39:58 Paladin
Connection lost

Rejoining the realm…

Still unreachable

The connection could not be restored.

Session expired

The server has moved on; the page needs a fresh start.